 Dungeon Crawl Stone Soup version 0.19.1 (webtiles) character file.

77 KingBobo974 the Ruffian (level 4, -3/38 HPs)
             Began as a Ghoul Monk on Dec 9, 2016.
             Slain by a hobgoblin
             ... wielding a +0 club
             ... led by Robin
              (6 damage)
             ... on level 3 of the Dungeon.
             The game lasted 00:09:07 (2339 turns).

KingBobo974 the Ruffian (Ghoul Monk)                Turns: 2339, Time: 00:09:07

Health: -3/38      AC:  4    Str: 15    XL:     4   Next: 33%
Magic:  3/3        EV: 13    Int:  5    God:
Gold:   128        SH:  0    Dex: 11    Spells: 0 memorised, 3 levels left

rFire  . . .     SeeInvis .       - Unarmed
rCold  + . .     Gourm    .     g - +0 leather armour
rNeg   + + +     Faith    .     (no shield)
rPois  ∞         Spirit   .     (no helmet)
rElec  .         Reflect  .     h - +0 cloak
rCorr  .         Harm     +     (no gloves)
MR     .....                    (no boots)
Stlth  ++........               c - amulet of harm
                                (no ring)
                                (no ring)

@: rotting, slowed, very slow
A: rotting body, claws 1, carnivore 3, cold resistance 1, negative energy
resistance 3, slow regeneration 1, torment resistance, unbreathing
a: no special abilities


You were on level 3 of the Dungeon.
You were not hungry.

You visited 1 branch of the dungeon, and saw 3 of its levels.

You collected 128 gold pieces.

Inventory:

Armour
 a - a +0 robe
 g - a +0 leather armour (worn)
 h - a +0 cloak (worn)
Jewellery
 c - an amulet of harm (around neck)
Potions
 b - a potion of might
 d - 2 potions of cancellation
 e - a potion of beneficial mutation
 i - a potion of haste
Comestibles
 f - 2 royal jellies


   Skills:
 + Level 3.5 Fighting
 * Level 3.8 Dodging
 - Level 2.1 Stealth
 * Level 4.1 Unarmed Combat


You had 3 spell levels left.
You didn't know any spells.

Dungeon Overview and Level Annotations

Branches:
Dungeon (3/15)

Altars:

Annotations:
D:3 Natasha, Robin


Innate Abilities, Weirdness & Mutations

Your body is rotting away.
You thrive on raw meat.
You are immune to poison.
You have sharp fingernails.
You are carnivorous and can eat meat at any time.
Your flesh is cold resistant. (rC+)
You are immune to negative energy. (rN+++)
You regenerate slowly when monsters are visible.
You are immune to unholy pain and torment.
You can survive without breathing.


Message History

Natasha is heavily wounded.
Natasha closely misses you.
The hobgoblin moves out of view.
The hobgoblin hits you but does no damage.
The goblin hits you. x2; Natasha claws you but does no damage. 2 goblins come into view.
A goblin is wielding a dagger of venom.
You closely miss Natasha.
Natasha is heavily wounded.
The goblin hits you but does no damage. The hobgoblin misses you.
The goblin completely misses you.
The goblin moves out of view.
Natasha stares at you and mumbles some strange words.
The magic dart hits you! The hobgoblin hits you with a club!
* * * LOW HITPOINT WARNING * * *
The goblin misses you. The goblin closely misses you.
The hobgoblin barely misses you.
A goblin comes into view.
You cannot mutate.
It was a potion of curing.
You feel better. Natasha claws you.
* * * LOW HITPOINT WARNING * * *
The hobgoblin hits you with a club.
You die...

..$.g .gg. .g. #
.g# .. ##..#
#.####...#
#.....g#.#
####..gggg######
......rg@h......
..%.#####.###...
### .# .# .# .#
.# ..


You could see Natasha, 6 hobgoblins, 4 goblins and a rat.

Vanquished Creatures
  An adder (D:2)
  An ooze (D:2)
  A worm (D:2)
  A dart slug (D:1)
  2 leopard geckos
  13 giant cockroaches
  5 goblins
  4 hobgoblins
  4 jackals (D:2)
  4 kobolds
  A quokka (D:2)
  A ball python (D:2)
  4 bats
  3 frilled lizards
  6 rats
51 creatures vanquished.

Notes
Turn   | Place    | Note
-------+----------+-------------------------------------------
     0 | D:1      | KingBobo974 the Ghoul Monk began the quest for the Orb.
     0 | D:1      | Reached XP level 1. HP: 19/19 MP: 0/0
   108 | D:1      | Reached XP level 2. HP: 20/26 MP: 1/1
  1289 | D:1      | Reached XP level 3. HP: 27/27 MP: 2/2
  1348 | D:2      | Reached skill level 4 in Unarmed Combat
  1772 | D:2      | Reached XP level 4. HP: 29/32 MP: 3/3
  2332 | D:3      | Noticed Natasha
  2332 | D:3      | Noticed Robin
  2339 | D:3      | Slain by a hobgoblin

Skill      XL: |  1  2  3 |
---------------+----------+-----
Dodging        | 3 |  3.8
Unarmed Combat | 4 |  4.1
Fighting       | |  3.5
Stealth        | |  2.1

Action                   |  1- 3 |  4- 6 || total
-------------------------+-------+-------++-------
Melee: Unarmed           |   116 |    47 ||   163
       Punch             |     2 |       ||     2
  Use: Potion            |     3 |     1 ||     4
       Scroll            |       |     4 ||     4
 Stab: Sleeping          |     3 |     1 ||     4
  Eat: Chunk             |     1 |     1 ||     2
       Meat ration       |     1 |       ||     1
Armor: Robe              |     8 |       ||     8
       Leather armour    |    14 |    19 ||    33
Dodge: Dodged            |    73 |    44 ||   117
